TOP OF THE 1ST |
Greenville 84s batting - Pitching for Toledo Stingers : LHP Jeremy Parker
|
Pitching: LHP Jeremy Parker
|
|
Batting: RHB Cornelio Japón
|
0-0: Foul Ball, location: 2F 0-1: Fly out, F2 (Popup, 23F, EV 80.6 MPH)
|
Batting: LHB Philip Visscher
|
0-0: Foul Ball, location: 2F 0-1: Ball 1-1: Ground out 6-3 (Groundball, 4M, EV 92.5 MPH)
|
Batting: RHB Ángelo Delgado
|
0-0: Called Strike 0-1: Foul Ball, location: 2F 0-2: Ball 1-2: Foul Ball, location: 2F 1-2: Ball 2-2: Foul Ball, location: 2F 2-2: SINGLE (Groundball, 56D, EV 103.8 MPH)
|
Batting: RHB Gil Andersen
|
0-0: Ball 1-0: Called Strike 1-1: Ball 2-1: SINGLE (Groundball, 4MD, EV 106.2 MPH) Ángelo Delgado to second
|
Batting: RHB António Macías
|
0-0: Foul Ball, location: 2F 0-1: Swinging Strike 0-2: Ball 1-2: SINGLE (Line Drive, 6MD, EV 106.2 MPH) Ángelo Delgado to third Gil Andersen to second
|
Batting: RHB Yehonatan Chazan
|
0-0: Called Strike 0-1: Swinging Strike 0-2: Ball 1-2: Fly out, F7 (Flyball, 7S, EV 95.6 MPH)
|
Top of the 1st over - 0 runs, 3 hits, 0 errors, 3 left on base; Greenville 0 - Toledo 0 |
BOTTOM OF THE 1ST |
Toledo Stingers batting - Pitching for Greenville 84s : RHP Jesús Silva
|
Pitching: RHP Jesús Silva
|
|
Batting: RHB Brook Linen
|
0-0: Foul Ball, location: 2F 0-1: Hit by Pitch
|
Batting: LHB Matt Dunlap
|
0-0: Ball 1-0: Called Strike 1-1: Swinging Strike 1-2: Ball 2-2: Ball 3-2: Strikes out looking Brook Linen steals 2nd base Batter strikes out.
|
Batting: LHB Lester Threlfall
|
0-0: Called Strike 0-1: Ground out 4-3 (Groundball, 4M, EV 84.4 MPH) Brook Linen to third
|
Batting: RHB Emílio Agramónte
|
0-0: SINGLE (Groundball, 6MD, EV 96.9 MPH) Brook Linen scores
|
Batting: RHB Joey Trifone
|
0-0: Ball 1-0: Called Strike 1-1: Ball 2-1: Fielders Choice at 2nd, 6-4 (Groundball, 6, EV 84.4 MPH)
|
Bottom of the 1st over - 1 run, 1 hit, 0 errors, 1 left on base; Greenville 0 - Toledo 1 |
TOP OF THE 2ND |
Greenville 84s batting - Pitching for Toledo Stingers : LHP Jeremy Parker
|
Batting: RHB Francisco Agámez
|
0-0: Called Strike 0-1: Called Strike 0-2: Ball 1-2: Fly out, F8 (Flyball, 8RD, EV 90.0 MPH)
|
Batting: LHB Lung Chaim
|
0-0: Foul Ball, location: 2F 0-1: Ground out U3 (Groundball, 34, EV 84.4 MPH)
|
Batting: RHB Juan Jose Ayala
|
0-0: Called Strike 0-1: Swinging Strike 0-2: Ball 1-2: Ball 2-2: SINGLE (Line Drive, 6MD, EV 94.4 MPH)
|
Batting: RHB Cornelio Japón
|
0-0: Called Strike Juan Jose Ayala steals 2nd base 0-1: Ball 1-1: Ball 2-1: Ground out U3 (Groundball, 34, EV 81.9 MPH)
|
Top of the 2nd over - 0 runs, 1 hit, 0 errors, 1 left on base; Greenville 0 - Toledo 1 |
BOTTOM OF THE 2ND |
Toledo Stingers batting - Pitching for Greenville 84s : RHP Jesús Silva
|
Batting: RHB Anselmo Berneu
|
0-0: Called Strike 0-1: SINGLE (Flyball, 89S, EV 98.8 MPH)
|
Batting: RHB Alfredo Martínez
|
0-0: Ball 1-0: Ball 2-0: Ball 3-0: Called Strike 3-1: Called Strike 3-2: Strikes out swinging
|
Batting: LHB Grover Barbaran
|
0-0: Fly out, F7 (Flyball, 78M, EV 87.5 MPH)
|
Batting: SHB Shiki Sanu
|
0-0: Called Strike 0-1: Ball 1-1: Called Strike 1-2: Ground out 1-3 (Groundball, 13S, EV 71.2 MPH)
|
Bottom of the 2nd over - 0 runs, 1 hit, 0 errors, 1 left on base; Greenville 0 - Toledo 1 |
TOP OF THE 3RD |
Greenville 84s batting - Pitching for Toledo Stingers : LHP Jeremy Parker
|
Batting: LHB Philip Visscher
|
0-0: Swinging Strike 0-1: Ball 1-1: Foul Ball, location: 2F 1-2: Ball 2-2: Fly out, F9 (Flyball, 9, EV 90.0 MPH)
|
Batting: RHB Ángelo Delgado
|
0-0: Ball 1-0: Called Strike 1-1: Called Strike 1-2: SINGLE (Groundball, 56D, EV 96.2 MPH)
|
Batting: RHB Gil Andersen
|
0-0: Ball 1-0: Foul Ball, location: 2F 1-1: Grounds into double play, 1-6-3 (Groundball, 13, EV 84.4 MPH)
|
Top of the 3rd over - 0 runs, 1 hit, 0 errors, 0 left on base; Greenville 0 - Toledo 1 |
BOTTOM OF THE 3RD |
Toledo Stingers batting - Pitching for Greenville 84s : RHP Jesús Silva
|
Batting: RHB Brook Linen
|
0-0: Ball 1-0: Ball 2-0: Ball 3-0: Called Strike 3-1: Swinging Strike 3-2: Ground out 6-3 (Groundball, 6, EV 101.9 MPH)
|
Batting: LHB Matt Dunlap
|
0-0: Foul Ball, location: 2F 0-1: Ball 1-1: Foul Ball, location: 2F 1-2: Strikes out swinging
|
Batting: LHB Lester Threlfall
|
0-0: Ball 1-0: Foul Ball, location: 2F 1-1: Ball 2-1: Ball 3-1: Base on Balls
|
Batting: RHB Emílio Agramónte
|
0-0: 2-RUN HOME RUN (Flyball, 7D, EV 90.6 MPH), Distance : 423 ft
|
Batting: RHB Joey Trifone
|
0-0: Fly out, F3 (Popup, 3S, EV 72.5 MPH)
|
Bottom of the 3rd over - 2 runs, 1 hit, 0 errors, 0 left on base; Greenville 0 - Toledo 3 |
TOP OF THE 4TH |
Greenville 84s batting - Pitching for Toledo Stingers : LHP Jeremy Parker
|
Batting: RHB António Macías
|
0-0: Foul Ball, location: 2F 0-1: Foul Ball, location: 2F 0-2: Foul Ball, location: 2F 0-2: Foul Ball, location: 2F 0-2: Ball 1-2: Ground out 4-3 (Groundball, 4M, EV 101.9 MPH)
|
Batting: RHB Yehonatan Chazan
|
0-0: Ground out 5-3 (Groundball, 5S, EV 73.1 MPH)
|
Pitching: RHP Jessie Young
|
|
Batting: RHB Francisco Agámez
|
0-0: Called Strike 0-1: Ball 1-1: Swinging Strike 1-2: Ball 2-2: Strikes out looking
|
Top of the 4th over - 0 runs, 0 hits, 0 errors, 0 left on base; Greenville 0 - Toledo 3 |
BOTTOM OF THE 4TH |
Toledo Stingers batting - Pitching for Greenville 84s : RHP Jesús Silva
|
Batting: RHB Anselmo Berneu
|
0-0: Ball 1-0: Foul Ball, location: 2F 1-1: Foul Ball, location: 2F 1-2: Fly out, F4 (Popup, 34, EV 58.8 MPH)
|
Batting: RHB Alfredo Martínez
|
0-0: Called Strike 0-1: Ball 1-1: Reached on error, E8 (Flyball, 8RXD, EV 91.9 MPH)
|
Batting: LHB Grover Barbaran
|
0-0: Called Strike 0-1: Swinging Strike 0-2: Strikes out looking
|
Batting: SHB Shiki Sanu
|
0-0: Ball 1-0: Ball 2-0: Ball 3-0: Called Strike 3-1: Foul Ball, location: 2F 3-2: Strikes out looking
|
Bottom of the 4th over - 0 runs, 0 hits, 1 error, 1 left on base; Greenville 0 - Toledo 3 |
TOP OF THE 5TH |
Greenville 84s batting - Pitching for Toledo Stingers : RHP Jessie Young
|
Batting: LHB Lung Chaim
|
0-0: Called Strike 0-1: Called Strike 0-2: Strikes out looking
|
Batting: RHB Juan Jose Ayala
|
0-0: Called Strike 0-1: Swinging Strike 0-2: Ball 1-2: Strikes out swinging
|
Batting: RHB Cornelio Japón
|
0-0: Called Strike 0-1: Ball 1-1: Called Strike 1-2: Strikes out looking
|
Top of the 5th over - 0 runs, 0 hits, 0 errors, 0 left on base; Greenville 0 - Toledo 3 |
BOTTOM OF THE 5TH |
Toledo Stingers batting - Pitching for Greenville 84s : RHP Jesús Silva
|
Batting: RHB Brook Linen
|
0-0: Ball 1-0: Called Strike 1-1: Ball 2-1: Ball 3-1: Foul Ball, location: 2F 3-2: Strikes out swinging
|
Batting: LHB Matt Dunlap
|
0-0: Ball 1-0: Foul Ball, location: 2F 1-1: Ball 2-1: Swinging Strike 2-2: Ground out 4-3 (Groundball, 4, EV 83.1 MPH)
|
Batting: LHB Lester Threlfall
|
0-0: Called Strike 0-1: Foul Ball, location: 2F 0-2: Ground out 6-3 (Groundball, 6, EV 103.1 MPH)
|
Bottom of the 5th over - 0 runs, 0 hits, 0 errors, 0 left on base; Greenville 0 - Toledo 3 |
TOP OF THE 6TH |
Greenville 84s batting - Pitching for Toledo Stingers : RHP Jessie Young
|
Batting: LHB Philip Visscher
|
0-0: Ball 1-0: Swinging Strike 1-1: Foul Ball, location: 2F 1-2: Strikes out looking
|
Batting: RHB Ángelo Delgado
|
0-0: Ball 1-0: Called Strike 1-1: Ball 2-1: Foul Ball, location: 2F 2-2: Ball 3-2: Base on Balls
|
Batting: RHB Gil Andersen
|
0-0: Foul Ball, location: 2F 0-1: Ball 1-1: Grounds into double play, 6-4-3 (Groundball, 6S, EV 81.2 MPH)
|
Top of the 6th over - 0 runs, 0 hits, 0 errors, 0 left on base; Greenville 0 - Toledo 3 |
BOTTOM OF THE 6TH |
Toledo Stingers batting - Pitching for Greenville 84s : RHP Jesús Silva
|
Batting: RHB Emílio Agramónte
|
0-0: Called Strike 0-1: Called Strike 0-2: Ball 1-2: SINGLE (Groundball, 56D, EV 101.9 MPH)
|
Batting: RHB Joey Trifone
|
0-0: Called Strike 0-1: Foul Ball, location: 2F 0-2: Foul Ball, location: 2F 0-2: Strikes out swinging
|
Batting: RHB Anselmo Berneu
|
0-0: Ball 1-0: Grounds into double play, 5-4-3 (Groundball, 56, EV 79.4 MPH)
|
Bottom of the 6th over - 0 runs, 1 hit, 0 errors, 0 left on base; Greenville 0 - Toledo 3 |
TOP OF THE 7TH |
Greenville 84s batting - Pitching for Toledo Stingers : RHP Jessie Young
|
Batting: RHB António Macías
|
0-0: Ball 1-0: Called Strike 1-1: Swinging Strike 1-2: Strikes out swinging
|
Batting: RHB Yehonatan Chazan
|
0-0: Swinging Strike 0-1: Foul Ball, location: 2F 0-2: Ball 1-2: Foul Ball, location: 2F 1-2: Ball 2-2: Fly out, F6 (Flyball, 6MD, EV 90.6 MPH)
|
Batting: RHB Francisco Agámez
|
0-0: Called Strike 0-1: Swinging Strike 0-2: Foul Ball, location: 2F 0-2: Ball 1-2: Ball 2-2: Strikes out swinging
|
Top of the 7th over - 0 runs, 0 hits, 0 errors, 0 left on base; Greenville 0 - Toledo 3 |
BOTTOM OF THE 7TH |
Toledo Stingers batting - Pitching for Greenville 84s : RHP Jesús Silva
|
Batting: RHB Alfredo Martínez
|
0-0: Called Strike 0-1: Ball 1-1: Ground out 1-3 (Groundball, 13S, EV 71.2 MPH)
|
Batting: LHB Grover Barbaran
|
0-0: Ball 1-0: SINGLE (Line Drive, 7LS, EV 91.2 MPH)
|
Pitching: RHP Dave Lawson
|
|
Batting: SHB Shiki Sanu
|
0-0: Foul Ball, location: 2F 0-1: Ball 1-1: Ball 2-1: Ball 3-1: Base on Balls Grover Barbaran to second
|
Batting: RHB Brook Linen
|
0-0: Foul Ball, location: 2F 0-1: Foul Ball, location: 2F 0-2: Foul Ball, location: 2F 0-2: Ball 1-2: SINGLE (Line Drive, 56, EV 93.8 MPH) Grover Barbaran to third Shiki Sanu to second
|
Batting: LHB Matt Dunlap
|
0-0: Called Strike 0-1: Called Strike 0-2: Strikes out looking
|
Batting: LHB Lester Threlfall
|
0-0: SINGLE (Groundball, 4MD, EV 101.9 MPH) Grover Barbaran scores Shiki Sanu to third Brook Linen to second Runner from 3rd tries for Home, SAFE, throw by CF to home
|
Batting: RHB Emílio Agramónte
|
0-0: Ball 1-0: Ball 2-0: Foul Ball, location: 2F 2-1: Ball 3-1: Base on Balls Brook Linen to third Lester Threlfall to second
|
Batting: RHB Joey Trifone
|
0-0: Called Strike 0-1: Fielders Choice at 2nd, 6-4 (Groundball, 6, EV 91.2 MPH)
|
Bottom of the 7th over - 2 runs, 3 hits, 0 errors, 3 left on base; Greenville 0 - Toledo 5 |
TOP OF THE 8TH |
Greenville 84s batting - Pitching for Toledo Stingers : RHP Jessie Young
|
Batting: LHB Lung Chaim
|
0-0: Swinging Strike 0-1: Ball 1-1: Called Strike 1-2: Ground out 1-3 (Groundball, 13S, EV 66.2 MPH)
|
Batting: RHB Juan Jose Ayala
|
0-0: Called Strike 0-1: Fly out, F8 (Line Drive, 8LM, EV 96.9 MPH)
|
Batting: RHB Cornelio Japón
|
0-0: Ground out 6-3 (Groundball, 6S, EV 68.8 MPH)
|
Top of the 8th over - 0 runs, 0 hits, 0 errors, 0 left on base; Greenville 0 - Toledo 5 |
BOTTOM OF THE 8TH |
Toledo Stingers batting - Pitching for Greenville 84s : RHP Dave Lawson
|
Batting: RHB Anselmo Berneu
|
0-0: Ball 1-0: Called Strike 1-1: Ground out 6-3 (Groundball, 6, EV 107.5 MPH)
|
Batting: RHB Alfredo Martínez
|
0-0: Ball 1-0: Called Strike 1-1: Foul Ball, location: 2F 1-2: Strikes out swinging
|
Batting: LHB Grover Barbaran
|
0-0: Ball 1-0: Fly out, F9 (Line Drive, 9, EV 106.9 MPH)
|
Bottom of the 8th over - 0 runs, 0 hits, 0 errors, 0 left on base; Greenville 0 - Toledo 5 |
TOP OF THE 9TH |
Greenville 84s batting - Pitching for Toledo Stingers : RHP Jessie Young
|
Batting: LHB Philip Visscher
|
0-0: Ball 1-0: DOUBLE (Line Drive, 7LS, EV 91.2 MPH)
|
Pitching: LHP Ricky McCauley
|
|
Batting: RHB Ángelo Delgado
|
0-0: Called Strike 0-1: Swinging Strike 0-2: Foul Ball, location: 2F 0-2: Ball 1-2: Ball 2-2: Ball 3-2: Ground out 3-1 (Groundball, 34S, EV 71.2 MPH) Philip Visscher to third
|
Batting: RHB Gil Andersen
|
0-0: Ball 1-0: Ball 2-0: Ball 3-0: Called Strike 3-1: Foul Ball, location: 2F 3-2: Base on Balls
|
Batting: RHB António Macías
|
0-0: Called Strike 0-1: Ball 1-1: Foul Ball, location: 2F 1-2: Strikes out swinging
|
Batting: RHB Yehonatan Chazan
|
0-0: Called Strike 0-1: Swinging Strike 0-2: Foul Ball, location: 2F 0-2: Ball 1-2: Ball 2-2: Ball 3-2: SINGLE (Flyball, 7LS, EV 93.1 MPH) Philip Visscher scores Gil Andersen to second Gil Andersen to third
|
Batting: RHB Francisco Agámez
|
0-0: Foul Ball, location: 2F 0-1: Ball 1-1: Ball 2-1: Ball 3-1: Swinging Strike 3-2: Base on Balls Yehonatan Chazan to second
|
Batting: LHB Lung Chaim
|
0-0: Ball 1-0: Ground out U3 (Groundball, 3L, EV 92.5 MPH)
|
Top of the 9th over - 1 run, 2 hits, 0 errors, 3 left on base; Greenville 1 - Toledo 5 |
|